 Dungeon Crawl Stone Soup version 0.22-a0-159-g7ce444fdad (webtiles) character file.

7643 MrRokkomies the Magician (level 11, -9/81 HPs)
             Began as a Gnoll Venom Mage on Feb 9, 2018.
             Was a High Priest of Okawaru.
             Hit by a javelin of returning thrown by a centaur (19 damage)
             ... in a bailey.
             The game lasted 00:46:04 (10707 turns).

MrRokkomies the Magician (Gnoll Venom Mage)        Turns: 10707, Time: 00:46:05

Health: -9/81      AC:  7    Str: 15    XL:     11   Next: 18%
Magic:  22/31      EV: 17    Int: 24    God:    Okawaru [*****.]
Gold:   564        SH:  0    Dex: 15    Spells: 5/25 levels left

rFire    . . .     SeeInvis .   a - +4 short sword
rCold    + . .     Gourm    .   (no shield)
rNeg     . . .     Faith    .   e - +0 robe
rPois    .         Spirit   .   d - +1 helmet
rElec    .         Reflect  .   E - +1 cloak
rCorr    .         Harm     .   (no gloves)
MR       .....                  (no boots)
Stlth    ++++......             P - amulet of Opy Kesa {RegenMP +Fly Str+4 Int+3}
HPRegen  0.23/turn              F - ring of protection from cold
MPRegen  0.47/turn              N - ring of magical power

@: no status effects
A: distributed training, fangs 1, strong nose
a: Heroism, Finesse, Renounce Religion, Evoke Flight


You were in a bailey.
You worshipped Okawaru.
Okawaru was extremely pleased with you.
You were not hungry.

You visited 1 branch of the dungeon, and saw 10 of its levels.
You also visited: Sewer and Bailey.

You collected 564 gold pieces.

Inventory:

Hand Weapons
 a - a +4 short sword (weapon)
 b - a +0 shortbow
 C - a +1 dagger of freezing
 H - a +1 short sword of protection
 I - a +2 hand axe of flaming
 J - a +2 glaive of venom
Missiles
 j - 5 tomahawks (quivered)
 o - 21 sling bullets
 w - 89 arrows
 y - 19 bolts
Armour
 d - a +1 helmet (worn)
 e - a +0 robe (worn)
 E - a +1 cloak (worn)
Jewellery
 u - an uncursed ring of fire
 F - a ring of protection from cold (left hand)
 G - an uncursed ring of see invisible
 N - a ring of magical power (right hand)
 P - the amulet of Opy Kesa (around neck) {RegenMP +Fly Str+4 Int+3}
   (You found it on level 9 of the Dungeon)

   [amulet of magic regeneration]

   It increases your magic regeneration.
   It affects your strength (+4).
   It affects your intelligence (+3).
   It lets you fly.
Wands
 i - a wand of acid (7)
 s - a wand of random effects (18)
 t - a wand of polymorph (9)
 z - a wand of flame (31)
 B - a wand of enslavement (12)
 M - a wand of clouds (2)
Scrolls
 f - a scroll of fog
 g - 5 scrolls of remove curse
 h - a scroll of enchant armour
 n - 8 scrolls of teleportation
 O - 2 scrolls of amnesia
Potions
 k - 4 potions of curing
 l - 3 potions of invisibility
 m - 2 potions of lignification
 p - a potion of berserk rage {unknown}
 q - a potion of brilliance
 r - 2 potions of ambrosia
 v - 2 potions of cancellation {unknown}
 x - 4 potions of flight
 L - 2 potions of heal wounds {unknown}
Books
 D - a book of Callings

   Spells                             Type                      Level
   a - Summon Small Mammal            Summoning                    1
   b - Call Imp                       Summoning                    2
   c - Call Canine Familiar           Summoning                    3
   d - Summon Guardian Golem          Hexes/Summoning              3
   e - Summon Lightning Spire         Summoning/Air                4
   f - Summon Ice Beast               Ice/Summoning                4
 K - a book of Flames

   Spells                             Type                      Level
   a - Flame Tongue                   Conjuration/Fire             1
   b - Throw Flame                    Conjuration/Fire             2
   c - Conjure Flame                  Conjuration/Fire             3
   d - Inner Flame                    Hexes/Fire                   3
   e - Sticky Flame                   Conjuration/Fire             4
   f - Fireball                       Conjuration/Fire             5
Miscellaneous
 A - a fan of gales
Comestibles
 c - 7 rations
 Q - 3 chunks of flesh


   Skills:
 + Level 5.9 Fighting
 + Level 5.9 Short Blades
 + Level 5.9 Long Blades
 + Level 5.9 Axes
 + Level 5.9 Maces & Flails
 + Level 5.9 Polearms
 + Level 5.9 Staves
 + Level 5.9 Slings
 + Level 5.9 Bows
 + Level 5.9 Crossbows
 + Level 5.9 Throwing
 + Level 5.9 Armour
 + Level 7.6 Dodging
 + Level 7.3 Stealth
 + Level 5.9 Shields
 + Level 5.9 Unarmed Combat
 + Level 7.8 Spellcasting
 + Level 5.4 Conjurations
 + Level 4.9 Hexes
 + Level 4.9 Charms
 + Level 4.9 Summonings
 + Level 4.9 Necromancy
 + Level 4.9 Translocations
 + Level 4.9 Transmutations
 + Level 4.9 Fire Magic
 + Level 4.9 Ice Magic
 + Level 4.9 Air Magic
 + Level 4.9 Earth Magic
 + Level 7.4 Poison Magic
 + Level 6.5 Invocations
 + Level 5.9 Evocations


You had 5 spell levels left.
You knew the following spells:

 Your Spells              Type           Power        Failure   Level  Hunger
a - Mephitic Cloud        Conj/Pois/Air  #####...     1%          3    None
b - Poisonous Vapours     Pois/Air       #####.       1%          2    None
c - Olgreb's Toxic Radia  Pois           #####...     3%          4    ###....
d - Venom Bolt            Conj/Pois      #####.....   13%         5    #####..
e - Call Canine Familiar  Summ           ####....     2%          3    None
f - Conjure Flame         Conj/Fire      ####....     2%          3    None


Dungeon Overview and Level Annotations

Branches:
Dungeon (10/15)            Temple (0/1) D:4
   Lair: D:8-11         Orc: D:9-12

Altars:
Fedhas
Gozag
Okawaru
Qazlal
Ru
Vehumet
Yredelemnul
The Shining One

Shops:
D:4 :


Innate Abilities, Weirdness & Mutations

Your experience applies equally to all skills.
You have very sharp teeth.
Your uncanny sense of smell can sniff out nearby items.


Message History

The centaur throws a javelin of returning.
The javelin of returning barely misses you.
The weapon returns to the centaur!
The centaur throws a javelin of returning.
The javelin of returning hits you.
* * * LOW HITPOINT WARNING * * *
The weapon returns to the centaur!
Your hound barely misses the orc warrior.
The centaur throws a javelin of returning.
The javelin of returning hits you!
* * * LOW HITPOINT WARNING * * *
The weapon returns to the centaur!
The centaur throws a javelin of returning.
The javelin of returning closely misses you.
The weapon returns to the centaur!
You feel better.
Your surroundings suddenly seem different.
The centaur throws a javelin of returning.
The javelin of returning hits you!!
You die...

##≈≈≈≈≈≈≈≈≈≈≈≈≈
#≈≈≈≈≈≈≈≈......
≈≈≈≈≈≈≈..≈≈≈c≈≈
≈≈≈≈≈..≈≈≈.....
≈≈≈≈.≈≈≈.......
≈≈≈≈.≈oo...≈≈≈o
≈≈≈.≈≈.⌠..≈≈≈≈≈
≈≈≈.≈.o@..≈c≈≈≈
≈≈.≈≈....≈≈≈≈≈≈
≈≈.≈.....≈≈≈≈≈≈
≈≈.≈.....≈≈≈)≈≈
≈≈.≈.....≈≈≈?≈≈
≈≈o≈.....≈≈≈:≈≈
≈≈.≈.....≈≈≈≈≈≈≈.....
≈≈c≈≈....≈≈≈≈≈≈≈..o.≈
.....≈≈≈≈≈.....≈


You could see 3 orc warriors, 3 centaurs and 2 orcs.

Vanquished Creatures
  3 two-headed ogres (D:8)
  Pikel (D:9)
  A hippogriff (D:10)
  Sigmund (D:2)
  A shadow (D:8)
  Eustachio (D:4)
  2 hungry ghosts
  6 orc warriors
  3 ice beasts
  2 sky beasts
  A black bear (D:8)
  A necrophage (D:9)
  4 ogres
  6 centaurs
  A big kobold (Sewer)
  6 bullfrogs
  A scorpion (D:5)
  4 wights (D:7)
  6 howler monkeys
  3 crimson imps
  2 bullfrog zombies
  A centaur zombie (D:8)
  3 hounds
  2 centaur skeletons
  3 orc priests
  2 bullfrog skeletons
  4 orc wizards
  Crazy Yiuf (D:7)
  3 iguanas
  9 worker ants
  A killer bee zombie (D:7)
  A howler monkey skeleton (D:7)
  A gnoll (D:3)
  11 adders
  A river rat (Sewer)
  A shadow imp (D:7)
  An ooze (D:3)
  5 adder skeletons
  An adder zombie (D:7)
  2 worms
  2 dart slugs
  4 leopard geckos
  33 orcs
  3 ball pythons
  7 giant cockroaches
  12 goblins
  9 hobgoblins
  12 jackals
  11 kobolds
  4 quokkas
  9 bats
  8 frilled lizards
  11 rats
234 creatures vanquished.

Vanquished Creatures (collateral kills)
  A hippogriff (D:9)
  An orc (Bailey)
2 creatures vanquished.

Vanquished Creatures (others)
  A hound (D:9)
  A quasit (D:9)
  A bullfrog skeleton (D:9)
3 creatures vanquished.

Grand Total: 239 creatures vanquished

Notes
Turn   | Place    | Note
-------+----------+-------------------------------------------
     0 | D:1      | MrRokkomies the Gnoll Venom Mage began the quest for the Orb.
     0 | D:1      | Reached XP level 1. HP: 13/13 MP: 6/6
   273 | D:1      | Reached XP level 2. HP: 17/19 MP: 7/7
   295 | D:1      | Learned a level 2 spell: Poisonous Vapours
   948 | D:2      | Reached XP level 3. HP: 16/25 MP: 9/9
  1036 | D:2      | Found an iron altar of Okawaru.
  1045 | D:2      | Became a worshipper of Warmaster Okawaru
  1050 | D:2      | Reached skill level 5 in Spellcasting
  1054 | D:2      | Reached skill level 1 in Invocations
  1361 | D:2      | Noticed Sigmund
  1369 | D:2      | Killed Sigmund
  1369 | D:2      | Reached * piety under Okawaru
  1369 | D:2      | Reached skill level 1 in Fighting
  1369 | D:2      | Reached skill level 1 in Short Blades
  1369 | D:2      | Reached skill level 1 in Long Blades
  1369 | D:2      | Reached skill level 1 in Axes
  1369 | D:2      | Reached skill level 1 in Maces & Flails
  1369 | D:2      | Reached skill level 1 in Polearms
  1369 | D:2      | Reached skill level 1 in Staves
  1369 | D:2      | Reached skill level 1 in Slings
  1369 | D:2      | Reached skill level 1 in Bows
  1369 | D:2      | Reached skill level 1 in Crossbows
  1369 | D:2      | Reached skill level 1 in Throwing
  1369 | D:2      | Reached skill level 1 in Armour
  1369 | D:2      | Reached skill level 1 in Shields
  1369 | D:2      | Reached skill level 1 in Unarmed Combat
  1369 | D:2      | Reached skill level 1 in Hexes
  1369 | D:2      | Reached skill level 1 in Charms
  1369 | D:2      | Reached skill level 1 in Summonings
  1369 | D:2      | Reached skill level 1 in Necromancy
  1369 | D:2      | Reached skill level 1 in Translocations
  1369 | D:2      | Reached skill level 1 in Transmutations
  1369 | D:2      | Reached skill level 1 in Fire Magic
  1369 | D:2      | Reached skill level 1 in Ice Magic
  1369 | D:2      | Reached skill level 1 in Air Magic
  1369 | D:2      | Reached skill level 1 in Earth Magic
  1369 | D:2      | Reached skill level 1 in Evocations
  1369 | D:2      | Reached XP level 4. HP: 26/32 MP: 0/11
  1369 | D:2      | Reached XP level 5. HP: 30/37 MP: 0/12
  1558 | D:2      | Reached XP level 6. HP: 44/44 MP: 13/13
  1946 | D:2      | Learned a level 3 spell: Mephitic Cloud
  1951 | D:2      | Learned a level 4 spell: Olgreb's Toxic Radiance
  1957 | D:2      | Learned a level 5 spell: Venom Bolt
  2375 | D:3      | Noticed an ice beast
  2808 | D:4      | Reached skill level 5 in Dodging
  2812 | D:4      | Noticed Eustachio
  2828 | D:4      | Killed Eustachio
  2828 | D:4      | Reached XP level 7. HP: 32/50 MP: 3/15
  2984 | D:4      | Found Nosiluc's Book Emporium.
  3098 | D:4      | Found a staircase to the Ecumenical Temple.
  3140 | D:4      | Found a basalt altar of Yredelemnul.
  3180 | D:4      | Reached ** piety under Okawaru
  3205 | D:4      | Reached skill level 5 in Stealth
  3502 | D:4      | Found a glowing golden altar of the Shining One.
  3504 | D:4      | Noticed an angel
  3604 | D:5      | Entered Level 5 of the Dungeon
  3813 | D:5      | Reached XP level 8. HP: 50/57 MP: 16/16
  4008 | D:5      | Found a radiant altar of Vehumet.
  4594 | D:3      | Learned a level 3 spell: Call Canine Familiar
  4915 | D:6      | Found a stormy altar of Qazlal.
  4972 | D:6      | Found a blossoming altar of Fedhas.
  4978 | D:6      | Reached *** piety under Okawaru
  5213 | D:6      | Found a glowing drain.
  5232 | Sewer    | Entered a sewer
  5489 | Sewer    | Found a glowing silver altar of Zin.
  5579 | D:6      | Found an iron altar of Okawaru.
  5798 | D:6      | Reached XP level 9. HP: 63/65 MP: 18/18
  6482 | D:7      | Found an opulent altar of Gozag.
  6494 | D:7      | Received a gift from Okawaru
  6985 | D:7      | Reached **** piety under Okawaru
  7170 | D:7      | Found a runed door.
  7174 | D:7      | Noticed Crazy Yiuf
  7178 | D:7      | Killed Crazy Yiuf
  7235 | D:7      | Learned a level 3 spell: Conjure Flame
  7248 | D:8      | Noticed a two-headed ogre
  7263 | D:8      | Killed a two-headed ogre
  7263 | D:8      | Reached skill level 5 in Invocations
  7501 | D:8      | Noticed a two-headed ogre
  7513 | D:8      | Reached XP level 10. HP: 59/73 MP: 12/20
  7516 | D:8      | Noticed a two-headed ogre
  7534 | D:8      | Killed a two-headed ogre
  7534 | D:8      | Reached ***** piety under Okawaru
  7534 | D:8      | Reached skill level 5 in Fighting
  7534 | D:8      | Reached skill level 5 in Short Blades
  7534 | D:8      | Reached skill level 5 in Long Blades
  7534 | D:8      | Reached skill level 5 in Axes
  7534 | D:8      | Reached skill level 5 in Maces & Flails
  7534 | D:8      | Reached skill level 5 in Polearms
  7534 | D:8      | Reached skill level 5 in Staves
  7534 | D:8      | Reached skill level 5 in Slings
  7534 | D:8      | Reached skill level 5 in Bows
  7534 | D:8      | Reached skill level 5 in Crossbows
  7534 | D:8      | Reached skill level 5 in Throwing
  7534 | D:8      | Reached skill level 5 in Armour
  7534 | D:8      | Reached skill level 5 in Shields
  7534 | D:8      | Reached skill level 5 in Unarmed Combat
  7534 | D:8      | Reached skill level 5 in Evocations
  7562 | D:8      | Killed a two-headed ogre
  7713 | D:8      | Received a gift from Okawaru
  8656 | D:8      | Reached skill level 5 in Conjurations
  9017 | D:8      | Received a gift from Okawaru
  9087 | D:8      | Found a blossoming altar of Fedhas.
  9089 | D:8      | Found a sacrificial altar of Ru.
  9205 | D:9      | Got a clouded copper amulet
  9207 | D:9      | Identified the amulet of Opy Kesa {RegenMP +Fly Str+4 Int+3} (You found it on level 9 of the Dungeon)
  9245 | D:9      | Noticed Pikel
  9259 | D:9      | Killed Pikel
 10158 | D:10     | Entered Level 10 of the Dungeon
 10175 | D:10     | Reached XP level 11. HP: 45/77 MP: 22/22
 10233 | D:10     | Noticed a two-headed ogre
 10270 | D:10     | Found a flagged portal.
 10303 | Bailey   | Entered a bailey
 10707 | Bailey   | Hit by a javelin of returning thrown by a centaur

Vault maps used:
D:1:      evilmike_arrival_hilbert_curve, minmay_octomino_e4
D:2:      first_ration, corexii_corridor_pit, okawaru_gym_becter, uniq_sigmund
D:3:      minmay_diamond_boxcup
D:4:      grunt_temple_overflow_holy_war, minmay_temple_entry_poolview,
          serial_shops, nicolae_shop_crystal, hangedman_decor_push,
          uniq_eustachio
D:5:      wad_crossroads, overflow_temple_1_default
D:6:      lemuel_upstairs_altar, kennysheep_mini,
          nicolae_overflow_crystal_walls, cheibrodos_sewer_entry_drain,
          fedhas_bush_and_centaur_altar
D:7:      grunt_gozag_statues, uniq_crazy_yiuf_cottage
D:8:      nicolae_overflow_hidden_temple
D:9:      uniq_pikel
D:10:     orc_0_dummy, enter_bailey_3
Sewer:    sewer_kobolds
Bailey:   bailey_polearm_flooded_kennysheep, bailey

Skill      XL: |  1  2  3  4  5  6  7  8  9 10 |
---------------+-------------------------------+-----
Conjurations   | 2 3 4 5 |  5.4
Spellcasting   | 5 6 7 |  7.8
Invocations    | 1 2 3 4 5 6 |  6.5
Fighting       | 1 2 3 4 5 |  5.9
Short Blades   | 1 2 3 4 5 |  5.9
Long Blades    | 1 2 3 4 5 |  5.9
Axes           | 1 2 3 4 5 |  5.9
Maces & Flails | 1 2 3 4 5 |  5.9
Polearms       | 1 2 3 4 5 |  5.9
Staves         | 1 2 3 4 5 |  5.9
Slings         | 1 2 3 4 5 |  5.9
Bows           | 1 2 3 4 5 |  5.9
Crossbows      | 1 2 3 4 5 |  5.9
Throwing       | 1 2 3 4 5 |  5.9
Armour         | 1 2 3 4 5 |  5.9
Shields        | 1 2 3 4 5 |  5.9
Unarmed Combat | 1 2 3 4 5 |  5.9
Hexes          | 1 2 3 4 |  4.9
Charms         | 1 2 3 4 |  4.9
Summonings     | 1 2 3 4 |  4.9
Necromancy     | 1 2 3 4 |  4.9
Translocations | 1 2 3 4 |  4.9
Transmutations | 1 2 3 4 |  4.9
Fire Magic     | 1 2 3 4 |  4.9
Ice Magic      | 1 2 3 4 |  4.9
Air Magic      | 1 2 3 4 |  4.9
Earth Magic    | 1 2 3 4 |  4.9
Evocations     | 1 2 3 4 5 |  5.9
Dodging        | 5 6 7 |  7.6
Stealth        | 5 6 7 |  7.3
Poison Magic   | 6 7 |  7.4

Action                   |  1- 3 |  4- 6 |  7- 9 | 10-12 || total
-------------------------+-------+-------+-------+-------++-------
Melee: Short sword       |    60 |   107 |   253 |   240 ||   660
       Bite              |     7 |     9 |    40 |    37 ||    93
       Dagger            |     1 |       |       |       ||     1
       Punch             |       |     1 |     5 |     4 ||    10
       Hand axe          |       |       |    91 |       ||    91
 Fire: Blowgun           |       |       |     6 |       ||     6
       Shortbow          |       |       |    20 |    54 ||    74
Throw: Stone             |       |     2 |       |       ||     2
 Cast: Sting             |     6 |       |       |       ||     6
       Poisonous Vapours |     6 |     7 |    23 |    32 ||    68
       Mephitic Cloud    |       |       |     7 |     4 ||    11
       Call Canine Famil |       |       |     1 |     6 ||     7
       Olgreb's Toxic Ra |       |       |       |     3 ||     3
       Conjure Flame     |       |       |       |     1 ||     1
Evoke: Wand              |       |       |     3 |     1 ||     4
  Use: Scroll            |       |    10 |    10 |     5 ||    25
       Potion            |       |       |     1 |     2 ||     3
 Stab: Sleeping          |     6 |     8 |    23 |     5 ||    42
       Confused          |       |       |     2 |     2 ||     4
  Eat: Chunk             |     1 |     4 |    16 |     5 ||    26
       Ration            |       |       |       |     4 ||     4
Armor: Robe              |     5 |    24 |    65 |    62 ||   156
Dodge: Dodged            |    38 |    94 |   251 |   195 ||   578

Table legend:
 A = Spawn XP
 B = Non-spawn XP
 C = Spawn XP percentage of total XP
 D = Spawn monster count
 E = Non-spawn monster count
 F = Spawn count percentage of total count
 G = Total turns spent on level
                    A         B        C        D         E        F      G
               +---------+---------+-------+---------+---------+-------+---------
         Total |       0 |   10919 |   0.0 |       0 |     236 |   0.0 | 10707
               +---------+---------+-------+---------+---------+-------+---------
           D:1 |       0 |      28 |   0.0 |       0 |      21 |   0.0 |   921
           D:2 |       0 |     313 |   0.0 |       0 |      25 |   0.0 |  1062
           D:3 |       0 |     243 |   0.0 |       0 |      30 |   0.0 |  1197
           D:4 |       0 |     692 |   0.0 |       0 |      24 |   0.0 |  1037
           D:5 |       0 |     308 |   0.0 |       0 |      18 |   0.0 |   645
           D:6 |       0 |     896 |   0.0 |       0 |      18 |   0.0 |   937
           D:7 |       0 |    1104 |   0.0 |       0 |      25 |   0.0 |  1835
           D:8 |       0 |    3962 |   0.0 |       0 |      25 |   0.0 |  1189
           D:9 |       0 |    1435 |   0.0 |       0 |      11 |   0.0 |  1035
          D:10 |       0 |     905 |   0.0 |       0 |       8 |   0.0 |   145
         Sewer |       0 |     118 |   0.0 |       0 |      10 |   0.0 |   300
        Bailey |       0 |     915 |   0.0 |       0 |      21 |   0.0 |   404
               +---------+---------+-------+---------+---------+-------+---------
